Arrhythmia, chaotic female vampiric Convict ---- --- -------- --- --..-- --.-- ---......---- --- ------- --.| --- |....| -------...--|...........----.| |..||..- ----..| --.-- |.-.-----..--....-.--.|.----.........| ----..--...| --....-- .....| |...||................|-- ---......%---..........| |.....| ......| |.----..[---.-......--- ----................--.-- .-....--- |..-.*.| ---.||..%|.%..........| |...................||.| --......| -....-- |...--.-----.......---- --.................---|.| |.......----.---- |....^.| |......-| |.........%..........#... --....^......|--- |.|....| --......| |..........%.--.<...| |.|0 |....----------.-- |.--...| |-....-- --..)...--..----....--|.| ---.--.--- ----....| |...|..| |....-- -----%[---...||.....||.| |...||...|--.......| ---.---- --...-- --- --...----.----..--|)| ---.------.|.......--- |...| |....--- --.-- |......|....||.-- |_| |...| ---.........| ---.--- --.....| |...|.|..--.....|.--.| |@| ---.--- |...........--- |...-- --....| --.......|--....|....| |@| |...| |.............| |-...-- |...-- ---.....| ---..---%.| |)----.--- ---.)>........| --.....| |..-- --...-- --..| |......| ----..--.|.-- |.....-- ---- --..| |...| |..----- |..| --- ---.--- ---- |..-- ---- ---- --- ---- Arrhythmia the Jail-bird Experience level: 7 Strength: 17 Dexterity: 13 Constitution: 14 Intelligence: 10 Wisdom: 11 Charisma: 10 Health: 0(61) Energy: 36(36) AC: 0 Gold: 0 Moves: 2261 Your Inventory: Armor l - an uncursed +0 iron skull cap [orcish helm] (being worn) A - an [uncursed] +0 pair of jackboots [high] (being worn) C - a [blessed] +1 banded mail [of searching] (being worn) Iron balls c - an uncursed heavy iron ball (chained to you) Spells known in the end: Name Level Category Fail Memory Your skills at the end: Fighting Skills Weapon Skills sling [Basic / Skilled] Spellcasting Skills Final Attributes: You had strayed. Hunger level was 689. Your alignment was -2 / 21. Monster difficulty range was 0 - 5. Level difficulty was 4. You were immune to poison. You were immune to level-drain. You were immune to sickness. You were punished. You had automatic searching. You could fly. You could survive without air. You regenerated. Your luck was zero. You are dead. Vanquished creatures: 2 watchmen a human zombie a bugbear a wood nymph 2 Uruk-hai an orc shaman a yellow light 3 gnome lords 5 elf zombies a paper golem a baby crocodile 5 dwarves an orc zombie an iguana 2 coyotes a gas spore 4 hobbits a large kobold a giant rat a red mold 27 gnomes a gecko 3 jackals a fox 3 kobolds 2 goblins 2 grid bugs 2 lichens 2 newts 79 creatures vanquished. Voluntary challenges: You left the true Path of Zen. You went without food. You never hit with a wielded weapon. You read items or engraved 3 times. You put on armor 5 times. You never genocided any monsters. You never polymorphed an object. You never changed form. You used no wishes. You abstained from Elbereth's help. You never encountered a bones level. You never used any Sokoban shortcuts. Dungeon overview: The Dungeons of Doom: levels 1 to 2 Level 1 a long staircase Level 2 an altar to Tymora stairs to The Gnomish Mines The Gnomish Mines: levels 3 to 5 Level 3 stairs to The Dungeons of Doom Level 4 <- You were here Level 5 a general store, some fountains, some trees History has recorded: On T:1 you entered the Dungeons of Doom to retrieve the Amulet of Yendor! On T:8 you advanced to experience level 2. On T:41 you advanced to experience level 3. On T:253 you advanced to experience level 4. On T:327 you reached level 2 of The Dungeons of Doom. On T:886 you reached level 1 of The Gnomish Mines. On T:895 you advanced to experience level 5. On T:1042 you advanced to experience level 6. On T:1371 you reached level 2 of The Gnomish Mines. On T:1498 you advanced to experience level 7. On T:1972 you reached level 3 of The Gnomish Mines. Latest messages: You drop an uncursed scroll labeled HZLRC KSTSBD MPFNG. You drop a ceramic ring. You drop an uncursed wand of striking. You drop an uncursed blindfold. You drop an uncursed looking glass. You drop a lamp (lit). You drop a pick-axe. You drop a candle. You drop a looking glass. You drop an uncursed heavy iron ball (chained to you). Your movements are now unencumbered. The watch captain swings his long sword. The watch captain hits! The watch captain swings his long sword. The watch captain hits! [HP-30=15] You have a little trouble lifting c - an uncursed heavy iron ball (chained to you). Your movements are slowed slightly because of your load. The watch captain swings his long sword. The watch captain hits! You die... Final status: Goodbye Arrhythmia the Convict... You died in The Gnomish Mines on dungeon level 4 with 2704 points, and 0 pieces of gold, after 2261 moves. You were level 7 with a maximum of 61 hit points when you died.